 Dungeon Crawl Stone Soup version 0.26.1-11-gd32895ea62 (webtiles) character file.

Game seed: 17009178796919101984

724973 summerfriday the Acrobat (level 27, 0/222 HPs)
             Began as a Gnoll Ice Elementalist on July 2, 2021.
             Was the Champion of Cheibriados.
             Slain by a bennu (14 damage)
             ... on level 3 of the Tomb of the Ancients.
             The game lasted 02:03:27 (60308 turns).

summerfriday the Acrobat (Gnoll Ice Elementalist)  Turns: 60308, Time: 02:03:28

Health: 0/222      AC: 27    Str: 20 (24) XL:     27
Magic:  8/46       EV: 38    Int: 59      God:    Cheibriados [******]
Gold:   5177       SH: 18    Dex: 28      Spells: 15/65 levels left

rFire    + . .     SeeInvis +   l - +9 demon blade (flame)
rCold    + + +     Faith    .   d - +0 kite shield
rNeg     + + +     Spirit   .   H - +4 troll leather armour {Snorg}
rPois    ∞         Reflect  .   j - +2 helmet {Int+3}
rElec    .         Harm     .   m - +1 cloak {Stlth+}
rCorr    .         Rampage  .   K - +0 pair of gloves
Will     +++++                  o - +0 pair of boots "Cienib" {rPois Regen+ Int+3 SInv}
Stlth    ++++++++..             p - amulet "Ycritah" {rC+ Regen+ Int+3 Dex-5}
HPRegen  1.67/turn              Q - ring "Gimup" {Will++ EV+4}
MPRegen  0.30/turn              W - ring "Guliudi" {rF+ rC+ Str-3 Int+6}

@: lich-form, very slightly contaminated, slowed, studying 2 skills, very slow
A: distributed training, fangs 1, strong 1, subdued magic 1, strong nose
}: 4/15 runes: serpentine, barnacled, slimy, silver
a: End Transformation, Renounce Religion, Bend Time, Temporal Distortion,
Slouch, Step From Time


You were on level 3 of the Tomb of the Ancients.
You worshipped Cheibriados.
Cheibriados was exalted by your worship.
You were a lich.
You visited 11 branches of the dungeon, and saw 55 of its levels.

You collected 11506 gold pieces.
You spent 6329 gold pieces at shops.

Inventory:

Hand Weapons
 l - a +9 demon blade of flaming (weapon)
 G - the +9 staff of Wucad Mu {*channel}
   (You found it on level 6 of the Lair of Beasts)
Missiles
 b - 20 silver javelins (quivered)
 v - 92 javelins
Armour
 d - a +0 kite shield (worn)
 j - a +2 helmet of intelligence (worn)
 m - a +1 cloak of stealth (worn)
 o - the +0 pair of boots "Cienib" (worn) {rPois Regen+ Int+3 SInv}
   (You found it on level 2 of the Depths)

   It affects your intelligence (+3).
   It protects you from poison.
   It lets you see invisible.
   It increases your rate of regeneration.
 H - a +4 troll leather armour (worn) {Snorg}
 K - a +0 pair of gloves (worn)
Jewellery
 i - an uncursed amulet of magic regeneration
 p - the amulet "Ycritah" (around neck) {rC+ Regen+ Int+3 Dex-5}
   (You bought it in a shop on level 2 of the Snake Pit)

   [amulet of regeneration]

   It affects your intelligence (+3).
   It affects your dexterity (-5).
   It protects you from cold.
   It increases your rate of regeneration.
 N - an uncursed ring of resist corrosion
 Q - the ring "Gimup" (left hand) {Will++ EV+4}
   (You acquired it on level 9 of the Dungeon)

   [ring of evasion]

   It affects your evasion (+4).
   It affects your willpower, your defense against some magical effects.
 W - the ring "Guliudi" (right hand) {rF+ rC+ Str-3 Int+6}
   (You acquired it on level 2 of the Lair of Beasts)

   [ring of protection from cold]

   It affects your strength (-3).
   It affects your intelligence (+6).
   It protects you from fire.
   It protects you from cold.
Wands
 e - a wand of digging (8)
 h - a wand of polymorph (18)
 s - a wand of acid (47)
 x - a wand of iceblast (40)
 P - a wand of enslavement (34)
 Y - a wand of paralysis (43)
Scrolls
 c - 25 scrolls of remove curse
 k - 4 scrolls of enchant weapon
 n - 22 scrolls of teleportation
 y - 4 scrolls of fear
 A - 3 scrolls of summoning
 B - 7 scrolls of enchant armour
 I - a scroll of fog
 J - 9 scrolls of magic mapping
 S - 2 scrolls of amnesia
 U - 7 scrolls of identify
 V - 14 scrolls of blinking
 X - a scroll of brand weapon
 Z - 5 scrolls of holy word
Potions
 f - 18 potions of curing
 g - 5 potions of cancellation
 r - 9 potions of ambrosia
 u - 6 potions of brilliance
 w - 12 potions of flight
 z - 12 potions of lignification
 D - 5 potions of magic
 E - 10 potions of resistance
 F - 11 potions of might
 L - 5 potions of invisibility
 M - a potion of mutation
 R - 19 potions of heal wounds
 T - 11 potions of attraction
Books
 a - a manual of Dodging
 q - a manual of Shields
Miscellaneous
 C - a tin of tremorstones (1/2)
 O - a condenser vane


   Skills:
 + Level 19.3 Fighting
 + Level 19.3 Short Blades
 + Level 19.3 Long Blades
 + Level 19.3 Axes
 + Level 19.3 Maces & Flails
 + Level 19.3 Polearms
 + Level 19.3 Staves
 + Level 19.3 Slings
 + Level 19.3 Bows
 + Level 19.3 Crossbows
 + Level 19.3 Throwing
 + Level 19.3 Armour
 + Level 21.1 Dodging
 + Level 19.6 Stealth
 + Level 20.8 Shields
 + Level 19.3 Unarmed Combat
 + Level 19.8 Spellcasting
 + Level 16.7 Conjurations
 + Level 16.7 Hexes
 + Level 16.7 Summonings
 + Level 16.7 Necromancy
 + Level 16.7 Translocations
 + Level 16.7 Transmutations
 + Level 16.7 Fire Magic
 + Level 17.8 Ice Magic
 + Level 16.7 Air Magic
 + Level 16.7 Earth Magic
 + Level 16.7 Poison Magic
 + Level 20.7 Invocations
 + Level 19.3 Evocations


You had 15 spell levels left.
You knew the following spells:

 Your Spells              Type           Power        Failure   Level
a - Statue Form           Tmut/Erth      76%          0%          6
b - Necromutation         Tmut/Necr      69%          1%          8
c - Irradiate             Conj/Tmut      57%          0%          5
d - Blink                 Tloc           N/A          0%          2
e - Passwall              Tmut/Erth      95%          0%          2
f - Shatter               Erth           57%          17%         9
g - Absolute Zero         Ice            58%          11%         9
h - Tornado               Air            57%          17%         9

Your spell library contained the following spells:

 Spells                   Type           Power        Failure   Level
 Animate Skeleton         Necr           100%         0%          1
 Corona                   Hex            100%         0%          1
 Foxfire                  Conj/Fire      100%         0%          1
 Freeze                   Ice            100%         0%          1
 Magic Dart               Conj           100%         0%          1
 Pain                     Necr           100%         0%          1
 Sandblast                Erth           100%         0%          1
 Shock                    Conj/Air       100%         0%          1
 Sting                    Tmut/Pois      100%         0%          1
 Summon Small Mammal      Summ           100%         0%          1
 Call Imp                 Summ           100%         0%          2
 Corpse Rot               Necr/Air       N/A          0%          2
 Ensorcelled Hibernation  Hex/Ice        100%         0%          2
 Poisonous Vapours        Pois/Air       100%         0%          2
 Searing Ray              Conj           100%         0%          2
 Slow                     Hex            100%         0%          2
 Sublimation of Blood     Necr           69%          0%          2
 Confusing Touch          Hex            100%         0%          3
 Conjure Flame            Conj/Fire      100%         0%          3
 Dazzling Flash           Conj/Hex       100%         0%          3
 Frozen Ramparts          Ice            100%         0%          3
 Gell's Gravitas          Tloc           57%          0%          3
 Ignite Poison            Fire/Tmut/Pois 100%         0%          3
 Inner Flame              Hex/Fire       100%         0%          3
 Lesser Beckoning         Tloc           57%          0%          3
 Mephitic Cloud           Conj/Pois/Air  100%         0%          3
 Ozocubu's Armour         Ice            100%         0%          3
 Portal Projectile        Hex/Tloc       100%         0%          3
 Stone Arrow              Conj/Erth      100%         0%          3
 Summon Guardian Golem    Hex/Summ       100%         0%          3
 Teleport Other           Tloc           100%         0%          3
 Tukima's Dance           Hex            100%         0%          3
 Vampiric Draining        Necr           69%          0%          3
 Animate Dead             Necr           69%          0%          4
 Cause Fear               Hex            57%          0%          4
 Dispel Undead            Necr           100%         0%          4
 Fulminant Prism          Conj/Hex       57%          0%          4
 Hailstorm                Conj/Ice       100%         0%          4
 Ice Form                 Ice/Tmut       100%         0%          4
 Iskenderun's Mystic Bla  Conj/Tloc      100%         0%          4
 Leda's Liquefaction      Hex/Erth       57%          0%          4
 Olgreb's Toxic Radiance  Pois           100%         0%          4
 Petrify                  Tmut/Erth      100%         0%          4
 Sticky Flame             Conj/Fire      100%         0%          4
 Summon Ice Beast         Ice/Summ       100%         0%          4
 Summon Lightning Spire   Summ/Air       100%         0%          4
 Agony                    Necr           100%         0%          5
 Alistair's Intoxication  Tmut/Pois      76%          0%          5
 Bolt of Magma            Conj/Fire/Erth 57%          0%          5
 Borgnjor's Vile Clutch   Necr/Erth      69%          0%          5
 Excruciating Wounds      Necr           69%          0%          5
 Fireball                 Conj/Fire      57%          0%          5
 Iskenderun's Battlesphe  Conj           100%         0%          5
 Lee's Rapid Deconstruct  Erth           57%          0%          5
 Metabolic Englaciation   Hex/Ice        58%          0%          5
 Silence                  Hex/Air        57%          0%          5
 Summon Demon             Summ           57%          0%          5
 Summon Forest            Summ/Tloc      57%          0%          5
 Summon Mana Viper        Hex/Summ       100%         0%          5
 Yara's Violent Unravell  Hex/Tmut       57%          0%          5
 Conjure Ball Lightning   Conj/Air       57%          0%          6
 Death Channel            Necr           69%          0%          6
 Eringya's Noxious Bog    Tmut/Pois      57%          0%          6
 Freezing Cloud           Conj/Ice/Air   58%          0%          6
 Hydra Form               Tmut           57%          0%          6
 Invisibility             Hex            100%         0%          6
 Iron Shot                Conj/Erth      57%          0%          6
 Ozocubu's Refrigeration  Ice            58%          0%          6
 Shadow Creatures         Summ           N/A          0%          6
 Simulacrum               Ice/Necr       70%          0%          6
 Dragon Form              Tmut           57%          1%          7
 Haunt                    Necr/Summ      69%          1%          7
 Malign Gateway           Summ/Tloc      57%          1%          7
 Monstrous Menagerie      Summ           57%          1%          7
 Orb of Destruction       Conj           57%          1%          7
 Spellforged Servitor     Conj/Summ      57%          1%          7
 Summon Greater Demon     Summ           57%          1%          7
 Summon Hydra             Summ           57%          1%          7
 Borgnjor's Revivificati  Necr           69%          1%          8
 Chain Lightning          Conj/Air       57%          1%          8
 Discord                  Hex            57%          1%          8
 Disjunction              Tloc           57%          1%          8
 Infestation              Necr           69%          1%          8
 Lehudib's Crystal Spear  Conj/Erth      57%          1%          8
 Summon Horrible Things   Summ           57%          1%          8
 Death's Door             Necr           69%          17%         9
 Dragon's Call            Summ           57%          17%         9
 Fire Storm               Conj/Fire      57%          17%         9


Dungeon Overview and Level Annotations

Branches:
Dungeon (15/15)            Temple (0/1) D:5            Lair (6/6) D:8
 Shoals (4/4) Lair:2        Snake (4/4) Lair:4        Slime (5/5) Lair:5
    Orc (2/2) D:12            Elf (3/3) Orc:2        Vaults (5/5) D:14
  Crypt (3/3) Vaults:2       Tomb (3/3) Crypt:3      Depths (5/5) D:15
    Zot (0/5) Depths:5

Altars:
Ashenzari
Cheibriados
Dithmenos
Elyvilon
Fedhas
Hepliaklqana
Kikubaaqudgha
Okawaru
Qazlal
Sif Muna
Uskayaw
Wu Jian
Xom
The Shining One
Beogh
Jiyva
Lugonu

Shops:
D:7 (   D:8 *   D:9 =*}*   D:12 ?   D:13 =   Orc:2 (=*[   Elf:1 *!([*
Shoals:3 =   Snake:1 *   Snake:2 [=}=   Snake:3 }   Vaults:2 *   Vaults:4 *=*
Depths:4 (

Portals:
Hell: Depths:2 Depths:3 Depths:4 Depths:5
Abyss: Crypt:2 Depths:4 Depths:5
Pandemonium: Depths:3
Ziggurat: Depths:5
Trove: Vaults:2 (show slimy rune of Zot)


Innate Abilities, Weirdness & Mutations

Your experience applies equally to all skills.
You have very sharp teeth.
Your uncanny sense of smell can sniff out nearby items.
Your muscles are strong. (Str +2)
Your spells are a little easier to cast, but a little less powerful.


Message History

The bennu is severely wounded.
The bennu claws you but does no damage. You block the bennu's attack.
The royal mummy is engulfed in blazing flames. x2
The wight is engulfed in blazing flames.
You destroy the wight!
You block the bennu's attack. The bennu completely misses you.
The bennu misses you.
The hellwing is engulfed in blazing flames.
The royal mummy is engulfed in blazing flames.
The royal mummy points at you and mumbles some strange words.
Something smites you!
* * * LOW HITPOINT WARNING * * *
You hear a hideous shriek!
You hear a screech!
You hear a hideous shriek!
Your tin of tremorstones (1/2) has regained one charge.
Your condenser vane has recharged.
You can't drink.
You slice the bennu!!
The bennu is almost dead.
The bennu completely misses you. The bennu claws you!
You die...

▓▓▓ ▓ ▓ ▓▓ #L# .# #. #.# ******
##b##.#.##.#******
**∆∆∆∆*###4M§...#.#*,.,,,*
**,∆∆∆∆∆#..§4Z§V..#*...,,,,
**,,∆∆∆,,.##M§§§.^#.....,,,,
**,,,∆∆∆,,...4sV...(#,,,,,,,,
**,,,,∆∆,,,.)#§M.§.(...z..,,,,
**,,,,,∆∆^,,,,#§s§§(.#.....,,,,
**,,,,,,,∆∆,,..§.......,..^^,,,,


You could see 3 royal mummies, 2 emperor scorpions, a bennu (corroded), a
jiangshi (summoned), a hellwing (summoned), a rust devil (summoned), a vampire
(summoned), a red devil (summoned) and a fire giant simulacrum (summoned).

Vanquished Creatures
  the Royal Jelly (Slime:5)
  Khufu (Crypt:2)
  Mara (Depths:4)
  4 juggernauts
  2 ancient liches
  22 royal mummies
  Sojobo (Crypt:3)
  Margery (Vaults:4)
  Saint Roka (Orc:2)
  9 caustic shrikes
  Nikola (Shoals:1)
  3 golden dragons
  Jory (Vaults:4)
  6 liches
  7 tentacled monstrosities
  A Hell Sentinel (Tomb:2)
  4 quicksilver dragons
  3 deep elf blademasters (Elf:3)
  Jorgrun (Shoals:2)
  10 titans
  20 acid blobs
  9 sphinxes
  Polyphemus (Shoals:2)
  7 storm dragons
  10 ancient champions
  8 shadow dragons
  Kirke (Lair:5)
  Ilsuiw (Shoals:3)
  3 revenants
  12 azure jellies
  6 tengu reavers
  A draconian monk (Depths:4)
  21 fire giants
  10 nagarajas
  3 iron dragons
  9 frost giants
  Louise (Shoals:1)
  A draconian scorcher (Depths:5)
  7 deep elf sorcerers
  An orc warlord (Orc:2)
  2 balrugs
  Aizul (Snake:2)
  5 deep elf elementalists
  2 ghouls (Crypt:1)
  3 curse skulls
  18 vault wardens
  The ghost of Wairalebb the Basher, a journeyman BaFi of Cheibriados (Lair:4)
  3 war gargoyles (Vaults:5)
  28 very ugly things
  21 ironheart preservers
  3 reapers
  4 spriggan defenders
  24 stone giants
  5 vampire knights
  19 bennus
  9 deep elf demonologists
  The ghost of vexzain the Carver, a journeyman DrFi of Okawaru (Shoals:1)
  15 deep elf annihilators
  The ghost of Ekaitz the Stormcaller, a journeyman TeAE of Vehumet (Lair:5)
  A green draconian (Depths:5)
  3 yellow draconians (Depths:5)
  2 entropy weavers
  2 purple draconians
  A minotaur (Shoals:3)
  2 spark wasps
  Azrael (Snake:3)
  2 red draconians (Depths:5)
  A dire elephant (Lair:4)
  12 eidola
  The ghost of Penneu the Unseen, a journeyman HaHu of Dithmenos (Lair:4)
  6 merfolk javelineers
  9 death oozes (Slime:5)
  9 deep elf death magi
  Snorg (D:14)
  19 mummy priests
  12 ettins
  4 jiangshi
  10 merfolk impalers
  A fire dragon (shapeshifter) (Depths:2)
  Josephine (D:10)
  10 fire dragons
  The ghost of Weugil the Slicer, a journeyman HaBe of Trog (Lair:2)
  17 ogre magi
  9 great orbs of eyes
  7 deep elf high priests
  8 naga warriors
  7 rakshasas
  18 yaktaur captains
  A boulder beetle (shapeshifter) (Depths:2)
  16 hydras
  4 boulder beetles
  A fenstrider witch skeleton (Crypt:2)
  3 merfolk avatars (Shoals:4)
  29 vault guards
  6 catoblepae
  13 ice dragons
  A spriggan air mage (Depths:5)
  4 death knights
  15 anacondas
  58 two-headed ogres
  3 satyrs
  7 centaur warriors
  7 vampire magi
  An alligator snapping turtle (Shoals:1)
  4 deep troll shamans
  3 merfolk aquamancers
  7 death yaks
  33 death scarabs
  4 deep troll earth magi
  30 dancing weapons
  4 tengu warriors
  An orc high priest (Orc:2)
  5 shock serpents
  2 spriggan berserkers
  18 naga sharpshooters
  19 deep elf knights
  3 sun demons
  Urug (Orc:2)
  11 soul eaters
  4 titan skeletons
  23 hell knights
  A salamander mystic (Snake:2)
  4 iron trolls
  A deep troll (shapeshifter) (Depths:3)
  3 unseen horrors
  9 deep trolls
  16 sea snakes
  2 shadow wraiths (Vaults:4)
  A ghost moth zombie (Crypt:3)
  2 wizards
  7 glowing orange brains
  37 skeletal warriors
  17 phantasmal warriors
  3 large abominations
  2 flayed ghosts
  15 necromancers
  9 naga ritualists
  A tengu zombie (Vaults:5)
  2 anaconda zombies (Crypt:3)
  33 harpies
  19 ironbrand convokers
  2 wolf spider zombies (Crypt:3)
  88 deep elf magi
  9 orc knights
  21 deep elf archers
  A mana viper (shapeshifter) (D:15)
  A harpy (shapeshifter) (Vaults:5)
  A manticore (shapeshifter) (Depths:4)
  A fire giant zombie (Crypt:3)
  An iron dragon zombie (Crypt:3)
  A shining eye (shapeshifter) (Vaults:2)
  49 ugly things
  9 mana vipers
  6 orc sorcerers
  15 cyclopes
  15 manticores
  3 wolf spiders
  11 shining eyes
  A frost giant skeleton (Vaults:2)
  7 salamanders
  8 fauns
  2 fire giant skeletons
  A dire elephant zombie (Crypt:3)
  A moth of wrath (shapeshifter) (Depths:1)
  An iron dragon skeleton (Crypt:2)
  A rust devil (Depths:3)
  14 merfolk sirens
  23 naga magi
  9 water nymphs
  33 black mambas
  16 guardian serpents
  17 elephants
  A smoke demon (Depths:3)
  13 vault sentinels
  A titan simulacrum (Tomb:1)
  A stone giant skeleton (Tomb:3)
  2 dire elephant skeletons (Crypt:3)
  An orange demon (Depths:3)
  A torpor snail (Lair:6)
  11 cane toads
  An eye of devastation (Slime:3)
  A rime drake (shapeshifter) (D:15)
  8 komodo dragons
  2 efreet
  A hellion (Depths:3)
  7 small abominations
  4 rime drakes
  55 yaktaurs
  10 freezing wraiths
  A yaktaur (shapeshifter) (D:15)
  A yellow draconian skeleton (Crypt:1)
  20 hellwings
  3 hydra zombies (Crypt:3)
  31 merfolk
  A yaktaur skeleton (Vaults:2)
  3 meliai (Shoals:3)
  3 tengu conjurers
  A jumping spider (shapeshifter) (Vaults:5)
  2 harpy zombies
  6 red devils
  28 guardian mummies
  2 jumping spiders (Crypt:3)
  A polar bear (shapeshifter) (Depths:2)
  6 trolls
  10 hornets
  A death drake zombie (Crypt:2)
  Grinder (D:4)
  A hornet (shapeshifter) (Vaults:3)
  A fire dragon zombie (Crypt:3)
  14 blink frogs
  7 wind drakes
  10 dream sheep
  5 polar bears
  69 slime creatures
  A boulder beetle zombie (Crypt:2)
  2 blink frogs (shapeshifter)
  A dream sheep (shapeshifter) (Vaults:4)
  An ettin zombie (Crypt:3)
  14 snapping turtles
  2 ice dragon zombies
  A meliai zombie (D:11)
  An alligator zombie (Crypt:2)
  A spriggan (shapeshifter) (Vaults:2)
  8 redbacks
  9 flying skulls
  3 air elementals
  An ettin skeleton (Tomb:1)
  3 shadows
  Sigmund (D:5)
  A black mamba zombie (Tomb:2)
  7 spriggans
  8 ushabtiu
  27 water elementals
  A basilisk (shapeshifter) (Vaults:4)
  18 wraiths
  4 basilisks
  A black mamba skeleton (Crypt:2)
  A tarantella (Vaults:2)
  A vampire (D:15)
  A hog (Lair:5)
  13 golden eyes
  68 yaks
  A fire bat (shapeshifter) (Vaults:5)
  6 fire bats (Depths:4)
  A golden eye (shapeshifter) (Elf:2)
  7 fire elementals
  Menkaure (D:4)
  A merfolk zombie (Crypt:1)
  7 wargs
  An infernal demonspawn zombie (Tomb:2)
  An acid dragon (D:14)
  A two-headed ogre zombie (Crypt:1)
  57 nagas
  Edmund (D:5)
  A soldier ant (shapeshifter) (D:14)
  A two-headed ogre skeleton (Crypt:2)
  A floating eye (shapeshifter) (Vaults:5)
  7 human skeletons (Vaults:2)
  A water moccasin (shapeshifter) (Depths:2)
  Duvessa (D:5)
  20 water moccasins
  4 floating eyes
  8 hell hounds
  An ice beast (D:10)
  40 orc warriors
  5 black bears
  3 cane toad skeletons (Crypt:3)
  2 sky beasts
  4 eyes of draining
  2 phantoms
  2 eyes of draining (shapeshifter)
  47 ogres
  A necrophage (Crypt:1)
  7 wolves
  2 boggarts (Depths:4)
  21 centaurs
  An orc skeleton (Vaults:2)
  2 human zombies (Vaults:5)
  A big kobold (D:14)
  4 earth elementals
  29 bullfrogs
  Dowan (D:5)
  7 wyvern skeletons (Crypt:3)
  8 killer bees
  9 scorpions
  6 jellies
  4 howler monkeys
  16 wights
  An electric eel (Elf:2)
  3 crimson imps
  4 centaur zombies
  A quasit (D:14)
  A bullfrog zombie (D:11)
  21 orc priests
  Crazy Yiuf (D:2)
  7 hounds
  3 bullfrog skeletons
  6 centaur skeletons
  32 orc wizards
  5 iguanas
  Ijyb (D:5)
  A demonspawn skeleton (Crypt:1)
  12 worker ants
  An ogre skeleton (Crypt:1)
  2 hound zombies
  2 hound skeletons
  45 mummies
  2 howler monkey zombies
  Robin (D:2)
  7 gnolls
  17 adders
  A howler monkey skeleton (D:5)
  A river rat (Lair:1)
  3 shadow imps
  4 white imps
  5 ufetubi
  A halfling skeleton (Crypt:1)
  A lava snake skeleton (Crypt:2)
  2 adder skeletons
  An adder zombie (D:6)
  2 worms (D:3)
  2 dart slugs (D:2)
  11 leopard geckos
  114 orcs
  A bat zombie (Crypt:1)
  3 giant cockroaches
  10 hobgoblins
  17 jackals
  6 kobolds
  7 quokkas
  A ball python (D:5)
  6 bats
  5 frilled lizards
  16 goblins
  A goblin zombie (Crypt:2)
  A leopard gecko zombie (D:6)
  3 quokka skeletons
  10 rats
  A river rat skeleton (Crypt:1)
  3 blocks of ice (Tomb:1)
  10 crawling corpses
2774 creatures vanquished.

Vanquished Creatures (collateral kills)
  A death ooze (Lair:2)
  Fannar (Lair:1)
  An ugly thing (D:11)
  An orc warrior (D:12)
  A warg (D:12)
  An acid dragon (D:11)
  3 centaurs (D:12)
  An orc wizard (D:12)
  A worker ant (D:12)
  5 orcs (D:12)
16 creatures vanquished.

Vanquished Creatures (others)
  A juggernaut (Depths:2)
  A deep elf sorcerer (Elf:3)
  A deep elf death mage (Vaults:5)
  3 deep elf knights
  A deep elf mage (Elf:1)
  A merfolk siren (Shoals:3)
  A manticore (Shoals:2)
  3 humans (Lair:5)
  A water elemental (Shoals:3)
  2 nagas
  2 boggarts (Depths:4)
  A wolf (Lair:2)
  A bullfrog (Lair:5)
  9 blocks of ice
  A crawling corpse (Elf:3)
  123 fungi
  2 lurking horrors (Crypt:2)
  231 plants
  33 withered plants
418 creatures vanquished.

Grand Total: 3208 creatures vanquished

Notes
Turn   | Place    | Note
-------+----------+-------------------------------------------
     0 | D:1      | summerfriday the Gnoll Ice Elementalist began the quest for
                  | the Orb.
     0 | D:1      | Reached XP level 1. HP: 13/13 MP: 6/6
   221 | D:1      | Reached XP level 2. HP: 12/19 MP: 4/7
  1352 | D:2      | Reached skill level 1 in Fighting
  1352 | D:2      | Reached skill level 1 in Short Blades
  1352 | D:2      | Reached skill level 1 in Long Blades
  1352 | D:2      | Reached skill level 1 in Axes
  1352 | D:2      | Reached skill level 1 in Maces & Flails
  1352 | D:2      | Reached skill level 1 in Polearms
  1352 | D:2      | Reached skill level 1 in Staves
  1352 | D:2      | Reached skill level 1 in Slings
  1352 | D:2      | Reached skill level 1 in Bows
  1352 | D:2      | Reached skill level 1 in Crossbows
  1352 | D:2      | Reached skill level 1 in Throwing
  1352 | D:2      | Reached skill level 1 in Armour
  1352 | D:2      | Reached skill level 1 in Shields
  1352 | D:2      | Reached skill level 1 in Unarmed Combat
  1352 | D:2      | Reached skill level 5 in Spellcasting
  1352 | D:2      | Reached skill level 1 in Invocations
  1352 | D:2      | Reached skill level 1 in Evocations
  1352 | D:2      | Reached XP level 3. HP: 24/26 MP: 5/9
  1356 | D:2      | Learned a level 3 spell: Ozocubu's Armour
  1360 | D:2      | Learned a level 3 spell: Frozen Ramparts
  1553 | D:2      | Reached XP level 4. HP: 28/32 MP: 0/11
  1667 | D:2      | Reached skill level 1 in Conjurations
  1667 | D:2      | Reached skill level 1 in Hexes
  1667 | D:2      | Reached skill level 1 in Summonings
  1667 | D:2      | Reached skill level 1 in Necromancy
  1667 | D:2      | Reached skill level 1 in Translocations
  1667 | D:2      | Reached skill level 1 in Transmutations
  1667 | D:2      | Reached skill level 1 in Fire Magic
  1667 | D:2      | Reached skill level 1 in Air Magic
  1667 | D:2      | Reached skill level 1 in Earth Magic
  1667 | D:2      | Reached skill level 1 in Poison Magic
  1736 | D:2      | Reached XP level 5. HP: 30/37 MP: 4/12
  1810 | D:2      | Noticed Robin
  1830 | D:2      | Killed Robin
  2176 | D:2      | Found a runed translucent door.
  2177 | D:2      | Noticed Crazy Yiuf
  2293 | D:2      | Killed Crazy Yiuf
  2642 | D:3      | Reached XP level 6. HP: 44/44 MP: 8/13
  2663 | D:3      | Reached skill level 5 in Dodging
  3171 | D:3      | Reached XP level 7. HP: 50/50 MP: 11/15
  3546 | D:4      | Noticed Menkaure
  3552 | D:4      | Killed Menkaure
  3553 | D:4      | Reached skill level 5 in Stealth
  3863 | D:4      | Reached XP level 8. HP: 57/57 MP: 12/16
  4232 | D:4      | Found a glowing golden altar of the Shining One.
  4341 | D:4      | Noticed Grinder
  4355 | D:4      | Killed Grinder
  4617 | D:5      | Entered Level 5 of the Dungeon
  4622 | D:5      | Noticed Duvessa
  4623 | D:5      | Noticed Dowan
  4634 | D:5      | Killed Duvessa
  4649 | D:5      | Killed Dowan
  4717 | D:5      | Noticed Ijyb
  4724 | D:5      | Found a snail-covered altar of Cheibriados.
  4728 | D:5      | Killed Ijyb
  4737 | D:5      | Became a worshipper of Cheibriados the Contemplative
  4805 | D:5      | Noticed Edmund
  4815 | D:5      | Killed Edmund
  4816 | D:5      | Reached skill level 6 in Dodging
  4880 | D:5      | Noticed Sigmund
  4893 | D:5      | Killed Sigmund
  4894 | D:5      | Reached XP level 9. HP: 56/65 MP: 11/18
  5003 | D:5      | Found a staircase to the Ecumenical Temple.
  5150 | D:5      | Reached * piety under Cheibriados
  5382 | D:6      | Found a blossoming altar of Fedhas.
  5443 | D:6      | Got a twisted robe
  5454 | D:6      | Identified the +1 robe of the Pits of Slime {*Contam Int+5
                  | Dex+6} (You found it on level 6 of the Dungeon)
  6202 | D:7      | Learned a level 4 spell: Summon Ice Beast
  6211 | D:7      | Found a shadowy altar of Dithmenos.
  6211 | D:7      | Found a shimmering altar of Xom.
  6337 | D:7      | Reached ** piety under Cheibriados
  6338 | D:7      | Reached skill level 5 in Invocations
  6399 | D:7      | Found a hazy altar of Hepliaklqana.
  6417 | D:7      | Found a shadowy altar of Dithmenos.
  6417 | D:7      | Found a stormy altar of Qazlal.
  6417 | D:7      | Found a glowing golden altar of the Shining One.
  6715 | D:7      | Reached XP level 10. HP: 73/73 MP: 20/20
  7000 | D:7      | Reached *** piety under Cheibriados
  7061 | D:7      | Got a pitted golden ring
  7256 | D:7      | Found Duzod's Weapon Boutique.
  7460 | D:7      | Identified the ring of Niunaitz {rPois Stlth-} (You found
                  | it on level 7 of the Dungeon)
  7516 | D:8      | Found an ornate altar of the Wu Jian Council.
  7546 | D:8      | Reached skill level 5 in Fighting
  7546 | D:8      | Reached skill level 5 in Short Blades
  7546 | D:8      | Reached skill level 5 in Long Blades
  7546 | D:8      | Reached skill level 5 in Axes
  7546 | D:8      | Reached skill level 5 in Maces & Flails
  7546 | D:8      | Reached skill level 5 in Polearms
  7546 | D:8      | Reached skill level 5 in Staves
  7546 | D:8      | Reached skill level 5 in Slings
  7546 | D:8      | Reached skill level 5 in Bows
  7546 | D:8      | Reached skill level 5 in Crossbows
  7546 | D:8      | Reached skill level 5 in Throwing
  7546 | D:8      | Reached skill level 5 in Armour
  7546 | D:8      | Reached skill level 5 in Shields
  7546 | D:8      | Reached skill level 5 in Unarmed Combat
  7546 | D:8      | Reached skill level 5 in Evocations
  7761 | D:8      | Reached skill level 7 in Dodging
  8036 | D:8      | Found Ibaclyopt's Elemental Accessories.
  8181 | D:8      | Found a staircase to the Lair.
  8379 | D:9      | Reached **** piety under Cheibriados
  8420 | D:9      | Found Fueruari's General Store.
  8464 | D:9      | Noticed a two-headed ogre
  8479 | D:9      | Killed an unseen horror
  8481 | D:9      | Killed a two-headed ogre
  8612 | D:9      | Found Teckee's Assorted Antiques.
  8620 | D:9      | Bought a scroll labelled KUAPLETACE for 30 gold pieces
  8620 | D:9      | Bought a black potion for 27 gold pieces
  8620 | D:9      | Acquired the ring "Gimup" {Will++ EV+4}
  8811 | D:9      | Found Puigru Ereegg's Armour Boutique.
  8858 | D:9      | Found Conauh's Gadget Emporium.
  8899 | D:9      | Reached XP level 11. HP: 81/81 MP: 15/22
  8900 | D:9      | Reached ***** piety under Cheibriados
  8940 | D:9      | Found Heudea's Jewellery Shop.
  9230 | D:10     | Entered Level 10 of the Dungeon
  9912 | D:10     | Noticed Josephine
  9926 | D:10     | Killed Josephine
  9927 | D:10     | Reached skill level 5 in Conjurations
  9927 | D:10     | Reached skill level 5 in Hexes
  9927 | D:10     | Reached skill level 5 in Summonings
  9927 | D:10     | Reached skill level 5 in Necromancy
  9927 | D:10     | Reached skill level 5 in Translocations
  9927 | D:10     | Reached skill level 5 in Transmutations
  9927 | D:10     | Reached skill level 5 in Fire Magic
  9927 | D:10     | Reached skill level 5 in Air Magic
  9927 | D:10     | Reached skill level 5 in Earth Magic
  9927 | D:10     | Reached skill level 5 in Poison Magic
 10470 | D:11     | Noticed a brown ugly thing
 10485 | D:11     | Killed a brown ugly thing
 10535 | D:11     | You fall into a shaft and drop 2 floors!
 10545 | D:12     | Found Jurree's Magic Scroll Emporium.
 10551 | D:12     | Bought a scroll of blinking for 105 gold pieces
 10559 | D:12     | Noticed a two-headed ogre
 10574 | D:12     | Killed a two-headed ogre
 10624 | D:11     | Noticed a two-headed ogre
 10624 | D:11     | Noticed a two-headed ogre
 10633 | D:11     | Reached skill level 8 in Dodging
 10633 | D:11     | Killed a two-headed ogre
 10634 | D:11     | Killed a two-headed ogre
 11149 | D:11     | Noticed a phantasmal warrior
 11150 | D:11     | Noticed a death knight
 11197 | D:10     | Acquired 576 gold pieces
 11256 | D:8      | Bought Huen's Compendium of Earth for 1030 gold pieces
 11263 | D:8      | Learned a level 6 spell: Statue Form
 11314 | Lair:1   | Entered Level 1 of the Lair of Beasts
 11314 | Lair:1   | Noticed a five-headed hydra
 11332 | Lair:1   | Killed a one-headed hydra
 11333 | Lair:1   | Reached XP level 12. HP: 89/89 MP: 15/24
 11572 | Lair:1   | Reached ****** piety under Cheibriados
 11614 | Lair:1   | Noticed Fannar
 11646 | Lair:1   | Killed Fannar
 12357 | Lair:2   | Noticed a catoblepas
 12362 | Lair:2   | Noticed a five-headed hydra
 12375 | Lair:2   | Killed a three-headed hydra
 12376 | Lair:2   | Killed a catoblepas
 12379 | Lair:2   | Noticed a catoblepas
 12392 | Lair:2   | Killed a catoblepas
 12438 | Lair:2   | Noticed a seven-headed hydra
 12452 | Lair:2   | Killed a one-headed hydra
 12478 | Lair:2   | Reached skill level 9 in Dodging
 12740 | Lair:2   | Found a staircase to the Shoals.
 12833 | Lair:2   | Acquired the ring "Guliudi" {rF+ rC+ Str-3 Int+6}
 13135 | Lair:2   | Found a runed translucent gate.
 13136 | Lair:2   | Found a runed translucent gate.
 13137 | Lair:2   | Found a runed translucent gate.
 13138 | Lair:2   | Noticed a death ooze
 13139 | Lair:2   | Noticed Weugil's ghost (journeyman HaBe)
 13141 | Lair:2   | Found the ring of the Octopus King
 13141 | Lair:2   | Found a viscous altar of Jiyva.
 13176 | Lair:2   | Killed a death ooze
 13177 | Lair:2   | Reached XP level 13. HP: 60/98 MP: 6/26
 13179 | Lair:2   | Killed Weugil's ghost
 13196 | Lair:2   | Got a ring of the Octopus King
 13919 | Lair:3   | Found a blossoming altar of Fedhas.
 14243 | Lair:4   | Reached skill level 10 in Ice Magic
 14417 | Lair:4   | Found a staircase to the Snake Pit.
 14739 | Lair:4   | Noticed a dire elephant
 14750 | Lair:4   | Killed a dire elephant
 14751 | Lair:4   | Reached skill level 10 in Spellcasting
 14957 | Lair:4   | You fall into a shaft and drop 1 floor!
 15017 | Lair:5   | Noticed Kirke
 15033 | Lair:5   | Killed Kirke
 15034 | Lair:5   | Reached skill level 10 in Dodging
 15034 | Lair:5   | Reached XP level 14. HP: 74/106 MP: 22/28
 15272 | Lair:5   | Found a viscous altar of Jiyva.
 15279 | Lair:5   | Found a staircase to the Slime Pits.
 15387 | Lair:5   | Found a runed translucent door.
 15402 | Lair:5   | Noticed Ekaitz's ghost (journeyman TeAE)
 15437 | Lair:5   | Killed Ekaitz's ghost
 15438 | Lair:5   | Reached skill level 10 in Stealth
 15456 | Lair:5   | Identified the Collected Works on Sinister Combat Magic
 15490 | Lair:5   | Learned a level 5 spell: Irradiate
 15776 | Lair:6   | Entered Level 6 of the Lair of Beasts
 15817 | Lair:6   | Reached skill level 10 in Invocations
 16678 | Lair:6   | Found the +9 staff of Wucad Mu {*channel}
 16706 | Lair:6   | Identified a ring of the Octopus King {Wiz AC+1 EV+1 Str+1
                  | Int+1 Dex+1} (You found it on level 2 of the Lair of
                  | Beasts)
 16926 | Lair:4   | Reached XP level 15. HP: 115/115 MP: 29/29
 17084 | Lair:4   | Found a runed translucent gate.
 17084 | Lair:4   | Found a runed translucent gate.
 17085 | Lair:4   | Found a runed translucent gate.
 17087 | Lair:4   | Noticed Wairalebb's ghost (journeyman BaFi)
 17087 | Lair:4   | Noticed Penneu's ghost (journeyman HaHu)
 17161 | Lair:4   | Killed Wairalebb's ghost
 17168 | Lair:4   | Killed Penneu's ghost
 17318 | Lair:4   | Found an ancient bone altar of Kikubaaqudgha.
 17735 | D:11     | Got a translucent scale mail
 17861 | D:11     | Reached skill level 10 in Fighting
 17861 | D:11     | Reached skill level 10 in Short Blades
 17861 | D:11     | Reached skill level 10 in Long Blades
 17861 | D:11     | Reached skill level 10 in Axes
 17861 | D:11     | Reached skill level 10 in Maces & Flails
 17861 | D:11     | Reached skill level 10 in Polearms
 17861 | D:11     | Reached skill level 10 in Staves
 17861 | D:11     | Reached skill level 10 in Slings
 17861 | D:11     | Reached skill level 10 in Bows
 17861 | D:11     | Reached skill level 10 in Crossbows
 17861 | D:11     | Reached skill level 10 in Throwing
 17861 | D:11     | Reached skill level 10 in Armour
 17861 | D:11     | Reached skill level 10 in Shields
 17861 | D:11     | Reached skill level 10 in Unarmed Combat
 17861 | D:11     | Reached skill level 10 in Evocations
 18096 | D:12     | Reached skill level 11 in Dodging
 18149 | D:12     | Found a staircase to the Orcish Mines.
 18885 | D:13     | Found Beenuur's Jewellery Emporium.
 18893 | D:13     | Learned a level 6 spell: Freezing Cloud
 19164 | D:13     | Found a white marble altar of Elyvilon.
 19372 | D:14     | Found a gate to the Vaults.
 19740 | D:14     | Reached XP level 16. HP: 123/123 MP: 23/31
 19858 | D:14     | Noticed Snorg
 19875 | D:14     | Killed Snorg
 19884 | D:14     | Identified the +5 scale mail of Mabux {Will++} (You found
                  | it on level 11 of the Dungeon)
 20407 | D:15     | Entered Level 15 of the Dungeon
 20518 | D:15     | Found a stormy altar of Qazlal.
 20531 | D:15     | Paralysed by a hornet for 1 turns
 20696 | D:15     | Reached XP level 17. HP: 130/130 MP: 32/32
 21365 | D:15     | Found a staircase to the Depths.
 21555 | Orc:1    | Entered Level 1 of the Orcish Mines
 21695 | Orc:2    | Entered Level 2 of the Orcish Mines
 22003 | Orc:2    | Noticed Urug
 22014 | Orc:2    | Killed Urug
 22023 | Orc:2    | Noticed Saint Roka
 22038 | Orc:2    | Killed Saint Roka
 22074 | Orc:2    | Found a roughly hewn altar of Beogh.
 22082 | Orc:2    | Found Xionk's Antique Armour Emporium.
 22160 | Orc:2    | Found Burch's Antique Weapon Emporium.
 22168 | Orc:2    | Found Joaqu's Jewellery Emporium.
 22219 | Orc:2    | Found Jeiduirr's General Store.
 22228 | Orc:2    | Bought a scroll of identify for 26 gold pieces
 22362 | Orc:2    | Found a staircase to the Elven Halls.
 22418 | Orc:1    | Reached skill level 12 in Dodging
 23009 | Orc:1    | Found an iron altar of Okawaru.
 23336 | Elf:1    | Entered Level 1 of the Elven Halls
 23629 | Elf:1    | Found Badaakhous's Antique Weapon Emporium.
 23708 | Elf:1    | Reached XP level 18. HP: 138/138 MP: 34/34
 23745 | Elf:1    | Found Keogo Bakk's Antique Armour Boutique.
 23968 | Elf:1    | Identified the Tome of Combat Magic and Creation
 24074 | Elf:1    | Found Ces Veni's Assorted Antiques.
 24081 | Elf:1    | Bought a scroll of teleportation for 81 gold pieces
 24177 | Elf:1    | Gained mutation: You are dopey. (Int -2) [a neqoxec]
 24310 | Elf:1    | Found Kelaju's Distillery.
 24317 | Elf:1    | Found Ashroo's General Store.
 24318 | Elf:1    | Bought 2 potions of heal wounds for 110 gold pieces
 24318 | Elf:1    | Bought a potion of mutation for 88 gold pieces
 24318 | Elf:1    | Bought 2 potions of heal wounds for 110 gold pieces
 24318 | Elf:1    | Bought a potion of curing for 33 gold pieces
 24318 | Elf:1    | Bought a potion of heal wounds for 55 gold pieces
 24318 | Elf:1    | Bought a potion of cancellation for 88 gold pieces
 24318 | Elf:1    | Bought a potion of might for 44 gold pieces
 24318 | Elf:1    | Bought a potion of resistance for 110 gold pieces
 24354 | Elf:1    | Bought a scroll of teleportation for 36 gold pieces
 24772 | Elf:2    | Reached skill level 10 in Conjurations
 24772 | Elf:2    | Reached skill level 10 in Hexes
 24772 | Elf:2    | Reached skill level 10 in Summonings
 24772 | Elf:2    | Reached skill level 10 in Necromancy
 24772 | Elf:2    | Reached skill level 10 in Translocations
 24772 | Elf:2    | Reached skill level 10 in Transmutations
 24772 | Elf:2    | Reached skill level 10 in Fire Magic
 24772 | Elf:2    | Reached skill level 10 in Air Magic
 24772 | Elf:2    | Reached skill level 10 in Earth Magic
 24772 | Elf:2    | Reached skill level 10 in Poison Magic
 24943 | Elf:2    | Got an ichor-stained scale mail
 24944 | Elf:2    | Identified the cursed +1 scale mail of Parlour Games {rC+}
                  | (You found it on level 2 of the Elven Halls)
 25005 | Elf:2    | Identified the amulet of Wiriopp {Acrobat Int+5}
 25155 | Elf:2    | Identified the +11 trident "Juotzu" {drain, Dex+2}
 25402 | Elf:2    | Found a huge runed translucent gate.
 25402 | Elf:2    | Found a huge runed translucent gate.
 25402 | Elf:2    | Found a huge runed translucent gate.
 25402 | Elf:2    | Found a huge runed translucent gate.
 25404 | Elf:2    | Found a huge runed translucent gate.
 26034 | Elf:3    | Entered Level 3 of the Elven Halls
 26071 | Elf:3    | Learned a level 9 spell: Shatter
 26110 | Elf:3    | Noticed a deep elf blademaster
 26116 | Elf:3    | Killed a deep elf blademaster
 26260 | Elf:3    | Reached XP level 19. HP: 146/146 MP: 30/36
 26613 | Elf:3    | Reached skill level 13 in Dodging
 26930 | Elf:3    | Noticed a Hell Sentinel
 27213 | Elf:3    | Found a shimmering blue altar of Sif Muna.
 27508 | Elf:3    | Identified Deigepu's Compendium of Enthralling Displacement
 27527 | Elf:3    | Noticed a Tzitzimitl
 27684 | Elf:3    | Got a faintly glowing jade ring
 27686 | Elf:3    | Identified the ring of Mept {rElec rPois Dex-3 SInv Stlth+}
                  | (You found it on level 3 of the Elven Halls)
 28055 | Snake:1  | Entered Level 1 of the Snake Pit
 28055 | Snake:1  | Found Ogibitej's Assorted Antiques.
 28088 | Snake:1  | Bought a scroll of acquirement for 1612 gold pieces
 28088 | Snake:1  | Bought a scroll of blinking for 232 gold pieces
 28088 | Snake:1  | Bought a scroll of blinking for 232 gold pieces
 28088 | Snake:1  | Acquired 855 gold pieces
 28564 | Snake:1  | Found a glowing golden altar of the Shining One.
 28687 | Snake:1  | Found a white marble altar of Elyvilon.
 28860 | Snake:2  | Reached XP level 20. HP: 155/155 MP: 37/37
 29012 | Snake:2  | Noticed Aizul
 29021 | Snake:2  | Killed Aizul
 29376 | Snake:2  | Found Qachuixu's Jewellery Emporium.
 29378 | Snake:2  | Found Jidan's Gadget Boutique.
 29379 | Snake:2  | Found Kuidot's Jewellery Emporium.
 29390 | Snake:2  | Bought the amulet "Ycritah" {rC+ Regen+ Int+3 Dex-5} for
                  | 676 gold pieces
 29755 | Snake:2  | Found Xuray's Antique Armour Shop.
 30175 | Snake:3  | Got a bound glass ring
 30192 | Snake:3  | Identified the ring of the Briny Deep {Slay+4 Stlth+} (You
                  | found it on level 3 of the Snake Pit)
 30277 | Snake:3  | Noticed Azrael
 30295 | Snake:3  | Killed Azrael
 30674 | Snake:3  | Found Hinkoer's Gadget Emporium.
 31063 | Snake:4  | Entered Level 4 of the Snake Pit
 31165 | Snake:4  | Reached skill level 14 in Dodging
 31338 | Snake:4  | Reached XP level 21. HP: 163/163 MP: 37/39
 32104 | Snake:4  | Got a serpentine rune of Zot
 32782 | Shoals:1 | Entered Level 1 of the Shoals
 33280 | Shoals:1 | Found a transporter.
 33284 | Shoals:1 | Found a transporter.
 33293 | Shoals:1 | Noticed vexzain's ghost (journeyman DrFi)
 33325 | Shoals:1 | Killed vexzain's ghost
 33385 | Shoals:1 | Noticed Louise
 33403 | Shoals:1 | Killed Louise
 33519 | Shoals:1 | Noticed Nikola
 33546 | Shoals:1 | Killed Nikola
 34023 | Shoals:2 | Noticed Polyphemus
 34033 | Shoals:2 | Noticed Jorgrun
 34038 | Shoals:2 | Killed Polyphemus
 34250 | Shoals:2 | Killed Jorgrun
 34338 | Shoals:2 | Found a snail-covered altar of Cheibriados.
 34451 | Shoals:2 | Identified the cursed +0 leather armour "Vapyv" {Int+2
                  | Dex+2}
 34936 | Shoals:3 | Reached skill level 15 in Invocations
 35150 | Shoals:3 | Found Guulaime's Jewellery Shoppe.
 35162 | Shoals:3 | Found a hide-covered altar of Uskayaw.
 35283 | Shoals:3 | Noticed Ilsuiw
 35313 | Shoals:3 | Killed Ilsuiw
 35610 | Shoals:4 | Entered Level 4 of the Shoals
 35945 | Shoals:4 | Reached XP level 22. HP: 172/172 MP: 40/40
 36288 | Shoals:4 | Identified Mocoesus's Compendium of Congealing Evil Arts
 36581 | Shoals:4 | Got a barnacled rune of Zot
 36786 | Shoals:4 | Identified the +4 chain mail of Uskayaw's Outrage {rF-
                  | Str+4 Stlth+} (You found it on level 4 of the Shoals)
 37064 | Depths:1 | Entered Level 1 of the Depths
 37108 | Depths:1 | Found a broken altar of Ashenzari.
 37360 | Depths:1 | Reached skill level 15 in Spellcasting
 37683 | Depths:1 | Reached skill level 15 in Dodging
 37699 | Depths:1 | You are sucked into a shaft and drop 1 floor!
 37702 | Depths:2 | Noticed a golden dragon
 37706 | Depths:2 | Noticed a juggernaut
 37716 | Depths:2 | Killed a golden dragon
 37716 | Depths:2 | Killed a juggernaut
 37767 | Depths:2 | Reached skill level 15 in Stealth
 37770 | Depths:2 | Paralysed by a floating eye for 2 turns
 37899 | Depths:2 | Noticed a caustic shrike
 37925 | Depths:2 | Killed a caustic shrike
 38009 | Depths:2 | Noticed a caustic shrike
 38025 | Depths:2 | Killed a caustic shrike
 38162 | Depths:2 | Reached XP level 23. HP: 179/179 MP: 38/42
 38212 | Depths:2 | Identified the +0 pair of boots "Cienib" {rPois Regen+
                  | Int+3 SInv} (You found it on level 2 of the Depths)
 38321 | Depths:2 | Learned a level 8 spell: Necromutation
 38333 | Depths:2 | Found a gateway to Hell.
 38384 | Depths:2 | Identified the ring "Zanwes" {+Fly Dex+5 Slay-2} (You found
                  | it on level 2 of the Depths)
 39142 | Depths:3 | Found a one-way gate leading to the halls of Pandemonium.
 39720 | Depths:3 | Reached skill level 15 in Fighting
 39720 | Depths:3 | Reached skill level 15 in Short Blades
 39720 | Depths:3 | Reached skill level 15 in Long Blades
 39720 | Depths:3 | Reached skill level 15 in Axes
 39720 | Depths:3 | Reached skill level 15 in Maces & Flails
 39720 | Depths:3 | Reached skill level 15 in Polearms
 39720 | Depths:3 | Reached skill level 15 in Staves
 39720 | Depths:3 | Reached skill level 15 in Slings
 39720 | Depths:3 | Reached skill level 15 in Bows
 39720 | Depths:3 | Reached skill level 15 in Crossbows
 39720 | Depths:3 | Reached skill level 15 in Throwing
 39720 | Depths:3 | Reached skill level 15 in Armour
 39720 | Depths:3 | Reached skill level 15 in Shields
 39720 | Depths:3 | Reached skill level 15 in Unarmed Combat
 39720 | Depths:3 | Reached skill level 15 in Evocations
 39885 | Depths:3 | Identified the Reference Book on Earthen Poisoning
 40506 | Depths:4 | Found a glowing golden altar of the Shining One.
 40756 | Depths:4 | Noticed a golden dragon
 40766 | Depths:4 | Killed a golden dragon
 40831 | Depths:4 | Noticed a juggernaut
 40838 | Depths:4 | Noticed a caustic shrike
 40852 | Depths:4 | Killed a juggernaut
 40856 | Depths:4 | Noticed a juggernaut
 40865 | Depths:4 | Noticed Mara
 40872 | Depths:4 | Killed Mara
 40873 | Depths:4 | Reached XP level 24. HP: 107/189 MP: 8/42
 40874 | Depths:4 | Killed a juggernaut
 40880 | Depths:4 | Found a one-way gate to the infinite horrors of the Abyss.
 41002 | Depths:4 | Found Focauc's Weapon Emporium.
 41264 | Depths:4 | Identified the +1 scale mail of the Eternal Void {rElec
                  | rF+}
 41468 | Depths:4 | Noticed a caustic shrike
 41483 | Depths:4 | Killed a caustic shrike
 41484 | Depths:4 | Reached skill level 16 in Dodging
 41567 | Depths:4 | Noticed a juggernaut
 41584 | Depths:4 | Killed a juggernaut
 41985 | Depths:4 | Killed a caustic shrike
 42259 | Depths:5 | Entered Level 5 of the Depths
 42387 | Depths:5 | Noticed a juggernaut
 42408 | Depths:5 | Killed a juggernaut
 42535 | Depths:5 | Paralysed by a floating eye for 4 turns
 42549 | Depths:5 | Reached skill level 15 in Ice Magic
 42713 | Depths:5 | Reached XP level 25. HP: 171/197 MP: 34/43
 42935 | Depths:5 | Found a corrupted altar of Lugonu.
 43014 | Depths:5 | Found a gate to the Realm of Zot.
 43152 | Depths:5 | Found a gateway to a ziggurat.
 43966 | Vaults:1 | Entered Level 1 of the Vaults
 46205 | Vaults:2 | Reached XP level 26. HP: 206/206 MP: 44/44
 46246 | Vaults:2 | Found Tuiratug's Assorted Antiques.
 46257 | Vaults:2 | Bought a scroll of teleportation for 105 gold pieces
 46257 | Vaults:2 | Bought a potion of resistance for 350 gold pieces
 46257 | Vaults:2 | Bought a scroll of magic mapping for 122 gold pieces
 46257 | Vaults:2 | Bought a scroll of identify for 70 gold pieces
 46305 | Vaults:2 | Bought a papyrus book for 525 gold pieces
 46372 | Vaults:2 | Reached skill level 17 in Dodging
 46491 | Vaults:2 | Gained mutation: Your magical capacity is low. (-10% MP) [a
                  | shining eye]
 46491 | Vaults:2 | Gained mutation: You are frail. (-10% HP) [a shining eye]
 46496 | Vaults:2 | Gained mutation: You have large cloven feet. [a shining
                  | eye]
 46516 | Vaults:2 | Lost mutation: You are dopey. (Int -2) [potion of mutation]
 46516 | Vaults:2 | Lost mutation: Your magical capacity is low. (-10% MP)
                  | [potion of mutation]
 46516 | Vaults:2 | Lost mutation: You are frail. (-10% HP) [potion of
                  | mutation]
 46516 | Vaults:2 | Lost mutation: You have large cloven feet. [potion of
                  | mutation]
 46516 | Vaults:2 | Gained mutation: Your spells are a little easier to cast,
                  | but a little less powerful. [potion of mutation]
 46516 | Vaults:2 | Gained mutation: Your muscles are strong. (Str +2) [potion
                  | of mutation]
 46682 | Vaults:2 | Found a staircase to the Crypt.
 46845 | Vaults:2 | Found a portal to a secret trove of treasure.
 48996 | Vaults:4 | Noticed Margery
 49016 | Vaults:4 | Killed Margery
 49304 | Vaults:4 | Found Pepe's Jewellery Shoppe.
 49321 | Vaults:4 | Noticed Jory
 49332 | Vaults:4 | Killed Jory
 49626 | Vaults:4 | Found Simodwifokk's General Store.
 49630 | Vaults:4 | Bought a scroll of identify for 42 gold pieces
 49932 | Vaults:4 | Found Veohoe Huon's Assorted Antiques.
 49936 | Vaults:4 | Bought a potion of magic for 240 gold pieces
 49936 | Vaults:4 | Bought a potion of heal wounds for 150 gold pieces
 50010 | Vaults:5 | Entered Level 5 of the Vaults
 50030 | Vaults:5 | Reached XP level 27. HP: 214/214 MP: 43/44
 50535 | Vaults:5 | Reached skill level 15 in Conjurations
 50535 | Vaults:5 | Reached skill level 15 in Hexes
 50535 | Vaults:5 | Reached skill level 15 in Summonings
 50535 | Vaults:5 | Reached skill level 15 in Necromancy
 50535 | Vaults:5 | Reached skill level 15 in Translocations
 50535 | Vaults:5 | Reached skill level 15 in Transmutations
 50535 | Vaults:5 | Reached skill level 15 in Fire Magic
 50535 | Vaults:5 | Reached skill level 15 in Air Magic
 50535 | Vaults:5 | Reached skill level 15 in Earth Magic
 50535 | Vaults:5 | Reached skill level 15 in Poison Magic
 50612 | Vaults:5 | Identified the cursed +1 short sword "Kuaxt" {vorpal, Str+4
                  | Dex+6}
 50745 | Vaults:5 | Noticed an ancient lich
 50765 | Vaults:5 | Killed an ancient lich
 50767 | Vaults:5 | Identified the +7 tower shield "Zyveydu" {rC+ SInv}
 50985 | Vaults:5 | Reached skill level 18 in Dodging
 51450 | Vaults:5 | Acquired the Guide on Bewitchment and Orientation
 51490 | Vaults:5 | Identified the Papyrus of the Glacier and Curses
 51584 | Vaults:5 | Identified the Guide on Ice
 51587 | Vaults:5 | Got a silver rune of Zot
 51784 | Vaults:5 | Identified the Almanac of Congealing Fire
 52290 | Slime:1  | Entered Level 1 of the Pits of Slime
 52456 | Slime:5  | Entered Level 5 of the Pits of Slime
 52738 | Slime:5  | Paralysed by a floating eye for 4 turns
 52912 | Slime:5  | Found a viscous altar of Jiyva.
 52916 | Slime:5  | Noticed the Royal Jelly
 52945 | Slime:5  | Killed the Royal Jelly
 52967 | Slime:5  | Identified the +1 chain mail "Jutyggur" {Str+4} (You found
                  | it on level 5 of the Pits of Slime)
 53080 | Slime:5  | Got a slimy rune of Zot
 53098 | Slime:5  | Learned a level 9 spell: Absolute Zero
 53108 | Slime:5  | Learned a level 9 spell: Tornado
 53124 | Slime:5  | Identified the +5 crystal plate armour of Insecurity {Str+6
                  | Dex-5} (You found it on level 5 of the Pits of Slime)
 53127 | Slime:5  | Got a scintillating bone amulet
 53128 | Slime:5  | Identified the amulet "Ruziomut" {Regen+ SInv} (You found
                  | it on level 5 of the Pits of Slime)
 53523 | Crypt:1  | Entered Level 1 of the Crypt
 54617 | Crypt:2  | Noticed Khufu
 54618 | Crypt:2  | Noticed a royal mummy
 54627 | Crypt:2  | Killed a royal mummy
 54628 | Crypt:2  | Reached skill level 19 in Dodging
 54633 | Crypt:2  | Killed Khufu
 54787 | Crypt:2  | Found a corrupted altar of Lugonu.
 55499 | Crypt:3  | Entered Level 3 of the Crypt
 55655 | Crypt:3  | Learned a level 2 spell: Blink
 55658 | Crypt:3  | Learned a level 2 spell: Passwall
 55838 | Crypt:3  | Noticed Sojobo
 55857 | Crypt:3  | Killed Sojobo
 56017 | Crypt:3  | Found an ancient bone altar of Kikubaaqudgha.
 56355 | Crypt:3  | Noticed an ancient lich
 56365 | Crypt:3  | Killed an ancient lich
 56388 | Crypt:3  | Identified the ring of Wuluttux {Ice Dex+3} (You found it
                  | on level 3 of the Crypt)
 57037 | Crypt:3  | Identified the ring "Yqoeck" {rN+ Will+} (You found it on
                  | level 3 of the Crypt)
 57038 | Crypt:3  | Identified the ring "Odefrush" {rF+ rN+ Str+2 Int-4 Stlth+}
                  | (You found it on level 3 of the Crypt)
 57039 | Crypt:3  | Identified the ring "Uwoag" {+Fly rPois rN+} (You found it
                  | on level 3 of the Crypt)
 57358 | Crypt:3  | Found a staircase to the Tomb.
 57551 | Crypt:3  | Found the +8 mithril axe "Arga" {speed, Will+}
 57812 | Tomb:1   | Entered Level 1 of the Tomb of the Ancients
 58271 | Tomb:1   | Noticed a royal mummy
 58291 | Tomb:1   | Killed a royal mummy
 58422 | Tomb:1   | Reached skill level 20 in Dodging
 58432 | Tomb:1   | Noticed a royal mummy
 58446 | Tomb:1   | Killed a royal mummy
 58797 | Tomb:1   | Noticed a royal mummy
 58797 | Tomb:1   | Noticed a royal mummy
 58806 | Tomb:1   | Noticed a royal mummy
 58812 | Tomb:1   | Killed a royal mummy
 58818 | Tomb:1   | Noticed a royal mummy
 58829 | Tomb:1   | Killed a royal mummy
 58837 | Tomb:1   | Killed a royal mummy
 58839 | Tomb:1   | Killed a royal mummy
 58840 | Tomb:1   | Noticed a royal mummy
 58842 | Tomb:1   | Killed a royal mummy
 58845 | Tomb:1   | Noticed a royal mummy
 58847 | Tomb:1   | Killed a royal mummy
 58854 | Tomb:1   | Noticed a royal mummy
 58883 | Tomb:1   | Killed a royal mummy
 59023 | Tomb:1   | Noticed a royal mummy
 59026 | Tomb:1   | Killed a royal mummy
 59083 | Tomb:1   | Noticed a royal mummy
 59089 | Tomb:1   | Killed a royal mummy
 59145 | Tomb:1   | Noticed a royal mummy
 59149 | Tomb:1   | Killed a royal mummy
 59154 | Tomb:1   | Noticed a royal mummy
 59246 | Tomb:1   | Noticed a royal mummy
 59246 | Tomb:1   | Noticed a royal mummy
 59248 | Tomb:1   | Killed a royal mummy
 59250 | Tomb:1   | Killed a royal mummy
 59252 | Tomb:1   | Noticed a royal mummy
 59253 | Tomb:1   | Killed a royal mummy
 59498 | Tomb:2   | Noticed a royal mummy
 59499 | Tomb:2   | Noticed a royal mummy
 59499 | Tomb:2   | Noticed a royal mummy
 59499 | Tomb:2   | Noticed a royal mummy
 59499 | Tomb:2   | Noticed a royal mummy
 59543 | Tomb:2   | Killed a royal mummy
 59564 | Tomb:2   | Killed a royal mummy
 59565 | Tomb:2   | Killed a royal mummy
 59566 | Tomb:2   | Killed a royal mummy
 59568 | Tomb:2   | Killed a royal mummy
 59747 | Tomb:2   | Acquired 638 gold pieces
 60252 | Tomb:3   | Entered Level 3 of the Tomb of the Ancients
 60267 | Tomb:3   | Reached skill level 21 in Dodging
 60294 | Tomb:3   | Noticed a royal mummy
 60295 | Tomb:3   | Noticed a royal mummy
 60299 | Tomb:3   | Noticed a royal mummy
 60301 | Tomb:3   | Noticed a royal mummy
 60307 | Tomb:3   | Killed a royal mummy
 60308 | Tomb:3   | Slain by a bennu

Illustrated notes

Levels and vault maps discovered:
D:1:      tarquinn_simple_flora_water_e, layout_loops_ring
D:2:      layout_basic, uniq_robin, uniq_crazy_yiuf_cottage
D:3:      layout_rooms
D:4:      kennysheep_spiral_hall, layout_basic, tso_oasis_becter, uniq_grinder,
          uniq_menkaure
D:5:      layout_cave_pools, minmay_temple_entry_mini_moons, basic_altar,
          uniq_ijyb, uniq_sigmund, uniq_edmund, uniq_duvessa
D:6:      layout_gridville, fedhas_altar_decomposition, minmay_misc_feat_room
D:7:      minmay_the_grid_octo_tiled_squarecenter [minmay_the_grid_octo_clover,
          minmay_the_grid_octo_shrine, minmay_the_grid_octo_empty,
          minmay_the_grid_octo_focus,
          minmay_the_grid_square_5x5_megaprize_hollow,
          minmay_the_grid_square_5x5_three_small,
          minmay_the_grid_square_5x5_checkered_sparse,
          minmay_the_grid_square_5x5_two_walls_b,
          minmay_the_grid_square_5x5_eight], layout_loops_corners,
          gammafunk_temple_overflow_wave, serial_shops, shop, the_bakery
D:8:      layout_gridville, grunt_lair_entry_orc_guard_hut, basic_altar,
          chequers_serial_rivers_micro_a, nicolae_elemental_shop
D:9:      layout_loops_ring, serial_shops, shop, shop, shop_statue,
          kennysheep_little_box, shop, minmay_chambers_of_fives
D:10:     layout_layer_cave, mrwooster_statue_mirror, uniq_josephine
D:11:     nzn_winding_woodlands_medium [nzn_winding_woodlands_5x5_perimeter,
          nzn_winding_woodlands_5x15_pool, nzn_winding_woodlands_5x5_open_star,
          nzn_winding_woodlands_5x5_closed_star,
          nzn_winding_woodlands_center_garden,
          nzn_winding_woodlands_5x5_default, nzn_winding_woodlands_5x5_cross,
          nzn_winding_woodlands_5x15_sidewinder,
          nzn_winding_woodlands_hourglass], layout_long_grid, hex_tiny
D:12:     layout_basic, erik_orc_4, serial_shops, nicolae_shop_trees
D:13:     minmay_curly_fans, layout_rooms, serial_shops, shop, elyvilon_altar_5
D:14:     layout_loops_ring, david_vaults_2, kennysheep_path_1, uniq_snorg
D:15:     gammafunk_enter_depths_forms, layout_basic, grunt_qazlal_clouds
Lair:1:   layout_cave_pods, minivault_23, pond, serial_bayou_shore_b,
          uniq_fannar
Lair:2:   layout_loops_ring, elwin_shoals_entry_stream, gammafunk_ghost_ooze,
          serial_rivers, chequers_serial_rivers_marsh,
          chequers_serial_rivers_small_a, chequers_serial_rivers_large_a,
          chequers_serial_rivers_small_3, chequers_serial_rivers_micro_c
Lair:3:   layout_loops_ring, basic_altar
Lair:4:   mu_elephants_graveyard, layout_regular_city, dummy_snake_entry,
          gammafunk_ghost_cemetery, minmay_holes, lemuel_centaur_altar
Lair:5:   layout_hall_layers, slime_altar_1, ebering_ghost_reflecting_pool,
          uniq_kirke
Lair:6:   evilmike_catoblepas_cave, layout_long_grid
Shoals:1: layout_shoals, gammafunk_ghost_arena, hangedman_shoals_cup_caves,
          uniq_louise, uniq_nikola
Shoals:2: layout_shoals, lemuel_altar_in_water2, uniq_polyphemus, uniq_jorgrun
Shoals:3: layout_shoals, minmay_shop_enchanted_jewellery,
          regret_index_shoals_crete, uniq_ilsuiw
Shoals:4: shoals_end_simple, layout_shoals
Snake:1:  layout_misc_corridors, serial_shops, shop, drop_trap,
          hangedman_feature_mirror, serial_bayou_pond_e
Snake:2:  layout_layer_cave, serial_shops, nicolae_shop_behind_doors,
          serial_bayou_shore_b, minmay_shop_grove, grunt_megastairs_5,
          uniq_aizul
Snake:3:  layout_rooms, serial_shops, shop, st_stairs_12, grunt_ministairs_9,
          serial_bayou_shore_a, uniq_azrael
Snake:4:  grunt_snake_rune_serpentine_throne, layout_layer_cave
Slime:1:  layout_caves
Slime:2:  layout_caves, uniq_dissolution
Slime:3:  layout_caves, nicolae_slime_round_cave
Slime:4:  layout_caves
Slime:5
Orc:1:    layout_caves, okawaru_metal_pillars_1_2
Orc:2:    grunt_orc_cross, layout_diamond_mine
Elf:1:    minmay_elf_arrival_circle, layout_onion_city, serial_shops,
          nicolae_shop_waterfront, shop_statue, nicolae_shop_behind_doors,
          nicolae_shop_waterfront, shop, minmay_elf_sorcery
Elf:2:    layout_rooms, minivault_4
Elf:3:    minmay_elf_hall_spiked, layout_gridlike, basic_altar,
          minmay_misc_feat_five, guppyfry_elf_castle, grunt_megastairs_4
Vaults:1: vaults_dpeg_diagonal, vaults_dpeg_cross,
          nicolae_vaults_little_squares_3, v_misc_10, v_misc_22,
          hangedman_vaults_slice, ontoclasm_vaults_spin, v_misc_9,
          ontoclasm_vaults_twist, nicolae_vaults_ring_of_whatevers,
          layout_vaults_quadrants
Vaults:2: minmay_crypt_entry_skeletal_spiral, vaults_dpeg_ring, v_misc_30,
          v_misc_2, nicolae_vaults_stairing_the_circle, vaults_room_hallway,
          v_misc_19, vaults_mumra_lcd, v_alt_pattern_1,
          layout_vaults_chaotic_city, enter_trove_3, serial_shops,
          nicolae_shop_overgrown_old_shop
Vaults:3: vaults_dpeg_encased_lava, hangedman_vaults_corner_blocks, v_misc_12,
          nicolae_vaults_network_quinsquares
          [nicolae_vaults_network_quincunx_subvault,
          nicolae_vaults_network_quincunx_subvault,
          nicolae_vaults_network_quincunx_subvault,
          nicolae_vaults_network_quincunx_subvault],
          nicolae_vaults_network_square, nicolae_vaults_border_crossing,
          v_alt_pattern_2, v_pattern_2, vaults_dpeg_hooks,
          ontoclasm_vaults_ring_small, v_misc_24, vaults_room_glass_cross,
          layout_vaults_ring
Vaults:4: serial_ice_h, v_misc_29, ontoclasm_vaults_misaligned, v_misc_22,
          v_misc_31, hangedman_vaults_locks, vaults_room_fancy_cross,
          vaults_room_pool, nicolae_vaults_murderbox, hangedman_vaults_stream,
          layout_vaults_omnicross, serial_shops, shop, shop, shop, uniq_margery,
          uniq_jory
Vaults:5
Crypt:1:  layout_misc_corridors, roderic_lattice_octagonal_star,
          grunt_crypt_arrival_webbed
Crypt:2:  layout_misc_corridors, amcnicky_altar_lugonu_corruption,
          grunt_megastairs_3, uniq_khufu
Crypt:3:  evilmike_haunted_forest, uniq_sojobo
Tomb:1
Tomb:2
Tomb:3
Depths:1: layout_roguey, pan_entry, grunt_hell_entry_dis_mu, ashenzari_altar_1,
          serial_bayou_lake_a
Depths:2: minmay_bad_star, layout_cave_shapes, nicolae_two_hexagons,
          lightli_too_deep, infiniplex_staircase_zigzag_1
Depths:3: kennysheep_water_balloons, layout_gridlike, hellmouth_3,
          rand_demon_pan_entry_7
Depths:4: angbandy_vault, layout_honeycomb, serial_shops, nicolae_shop_trees,
          abyss_entry_glasseish, hellmouth_1, tso_metal_star,
          minmay_statues_item, uniq_mara
Depths:5: grunt_crosshair, layout_cave_shapes, enter_ziggurat_f,
          abyss_entry_flame_altar, hangedman_tar_grid_catacomb,
          serial_bayou_ford_a, nrook_pool_corridor

Skill      XL: |  1  2  3  4  5  6  7  8  9 10 11 12 13 14 15 16 17 18 19 20 21 22 23 24 25 26 27 |
---------------+----------------------------------------------------------------------------------+-----
Fighting       | 1 2 3 4 5 6 7 8 9 10 11 12 13 14 15 16 17 19 | 19.3
Short Blades   | 1 2 3 4 5 6 7 8 9 10 11 12 13 14 15 16 17 19 | 19.3
Long Blades    | 1 2 3 4 5 6 7 8 9 10 11 12 13 14 15 16 17 19 | 19.3
Axes           | 1 2 3 4 5 6 7 8 9 10 11 12 13 14 15 16 17 19 | 19.3
Maces & Flails | 1 2 3 4 5 6 7 8 9 10 11 12 13 14 15 16 17 19 | 19.3
Polearms       | 1 2 3 4 5 6 7 8 9 10 11 12 13 14 15 16 17 19 | 19.3
Staves         | 1 2 3 4 5 6 7 8 9 10 11 12 13 14 15 16 17 19 | 19.3
Slings         | 1 2 3 4 5 6 7 8 9 10 11 12 13 14 15 16 17 19 | 19.3
Bows           | 1 2 3 4 5 6 7 8 9 10 11 12 13 14 15 16 17 19 | 19.3
Crossbows      | 1 2 3 4 5 6 7 8 9 10 11 12 13 14 15 16 17 19 | 19.3
Throwing       | 1 2 3 4 5 6 7 8 9 10 11 12 13 14 15 16 17 19 | 19.3
Armour         | 1 2 3 4 5 6 7 8 9 10 11 12 13 14 15 16 17 19 | 19.3
Shields        | 1 2 3 4 5 6 7 8 9 10 11 12 13 14 15 16 17 20 | 20.8
Unarmed Combat | 1 2 3 4 5 6 7 8 9 10 11 12 13 14 15 16 17 19 | 19.3
Spellcasting   | 5 6 7 8 9 10 11 12 13 14 15 16 17 19 | 19.8
Invocations    | 1 2 3 4 5 6 7 8 9 10 11 12 13 14 15 16 17 18 20 | 20.7
Evocations     | 1 2 3 4 5 6 7 8 9 10 11 12 13 14 15 16 17 19 | 19.3
Conjurations   | 1 2 3 4 5 6 7 8 9 10 11 12 13 14 16 | 16.7
Hexes          | 1 2 3 4 5 6 7 8 9 10 11 12 13 14 16 | 16.7
Summonings     | 1 2 3 4 5 6 7 8 9 10 11 12 13 14 16 | 16.7
Necromancy     | 1 2 3 4 5 6 7 8 9 10 11 12 13 14 16 | 16.7
Translocations | 1 2 3 4 5 6 7 8 9 10 11 12 13 14 16 | 16.7
Transmutations | 1 2 3 4 5 6 7 8 9 10 11 12 13 14 16 | 16.7
Fire Magic     | 1 2 3 4 5 6 7 8 9 10 11 12 13 14 16 | 16.7
Air Magic      | 1 2 3 4 5 6 7 8 9 10 11 12 13 14 16 | 16.7
Earth Magic    | 1 2 3 4 5 6 7 8 9 10 11 12 13 14 16 | 16.7
Poison Magic   | 1 2 3 4 5 6 7 8 9 10 11 12 13 14 16 | 16.7
Dodging        | 5 6 7 8 9 10 11 12 13 14 15 16 17 21 | 21.1
Stealth        | 5 6 7 8 9 10 11 12 13 14 15 16 17 19 | 19.6
Ice Magic      | 8 9 10 11 12 13 14 15 17 | 17.8

Action                   |  1- 3 |  4- 6 |  7- 9 | 10-12 | 13-15 | 16-18 | 19-21 | 22-24 | 25-27 || total
-------------------------+-------+-------+-------+-------+-------+-------+-------+-------+-------++-------
Melee: Unarmed           |    71 |   116 |    92 |       |     3 |       |       |       |       ||   282
       Bite              |     4 |    16 |    41 |   153 |   368 |   210 |   204 |   319 |   894 ||  2209
       Punch             |       |       |     2 |       |       |       |       |       |       ||     2
       Rapier            |       |       |    37 |       |       |       |       |       |       ||    37
       Dire flail        |       |       |   157 |    31 |       |       |       |       |       ||   188
       Short sword       |       |       |       |   105 |       |       |       |       |       ||   105
       Falchion          |       |       |       |   340 |   470 |       |       |       |       ||   810
       Scimitar          |       |       |       |       |   481 |   657 |       |       |       ||  1138
       Trident           |       |       |       |       |       |   110 |  1507 |  1578 |   195 ||  3390
       Demon blade       |       |       |       |       |       |       |       |       |  2909 ||  2909
Throw: Dart              |       |     5 |    12 |       |       |       |       |       |       ||    17
       Javelin           |       |       |     8 |    14 |     1 |     9 |    35 |    20 |   121 ||   208
 Cast: Freeze            |    18 |    24 |    14 |       |       |       |       |       |       ||    56
       Ozocubu's Armour  |     2 |     7 |     8 |    11 |     1 |       |       |       |       ||    29
       Frozen Ramparts   |     1 |    13 |    14 |    18 |    15 |    15 |    13 |     2 |       ||    91
       Summon Ice Beast  |       |       |       |    12 |     2 |       |       |       |       ||    14
       Statue Form       |       |       |       |     7 |    47 |    38 |    47 |    37 |    33 ||   209
       Freezing Cloud    |       |       |       |       |       |    16 |    18 |    14 |    10 ||    58
       Irradiate         |       |       |       |       |       |     5 |    12 |    10 |    30 ||    57
       Necromutation     |       |       |       |       |       |       |       |       |    49 ||    49
       Absolute Zero     |       |       |       |       |       |       |       |       |    12 ||    12
       Tornado           |       |       |       |       |       |       |       |       |    10 ||    10
       Shatter           |       |       |       |       |       |       |       |       |     9 ||     9
       Blink             |       |       |       |       |       |       |       |       |     1 ||     1
Invok: Bend Time         |       |       |       |     1 |       |       |       |       |       ||     1
       Temporal Distorti |       |       |       |     1 |       |       |       |       |       ||     1
       Slouch            |       |       |       |       |     3 |     3 |     7 |     7 |     3 ||    23
       Step From Time    |       |       |       |       |       |       |     1 |       |     3 ||     4
 Abil: Stop Flying       |       |       |       |       |       |       |     2 |       |       ||     2
       End Transformatio |       |       |       |       |       |       |     1 |       |     1 ||     2
       Evoke Flight      |       |       |       |       |       |       |     2 |       |       ||     2
Evoke: Wand              |       |       |     2 |     1 |     3 |       |       |       |     3 ||     9
       Condenser vane    |       |       |       |       |       |       |     2 |       |     4 ||     6
       Tin of tremorston |       |       |       |       |       |       |     2 |     3 |    10 ||    15
  Use: Scroll            |       |     2 |    11 |    16 |     7 |     8 |    10 |     7 |    28 ||    89
       Potion            |       |       |       |     2 |     1 |     1 |     3 |       |     1 ||     8
 Stab: Sleeping          |     7 |     5 |    15 |    19 |    21 |    15 |    20 |    26 |    73 ||   201
       Distracted        |       |       |     1 |     4 |     6 |     4 |     5 |     5 |    13 ||    38
       Petrified         |       |       |       |     3 |       |       |       |       |       ||     3
       Petrifying        |       |       |       |       |       |       |     2 |       |       ||     2
       Held in net/web   |       |       |       |       |       |       |       |       |     2 ||     2
Armor: Robe              |    19 |    33 |    88 |    62 |    48 |    20 |    22 |    37 |    31 ||   360
       Skin              |       |       |       |    53 |   229 |   213 |   316 |   309 |   273 ||  1393
       Troll leather arm |       |       |       |       |       |       |       |       |   199 ||   199
Dodge: Dodged            |    83 |   168 |   291 |   504 |  1363 |  1173 |  1604 |  1617 |  2896 ||  9699
Block: Buckler           |       |       |       |   257 |   642 |   557 |    60 |       |       ||  1516
       Kite shield       |       |       |       |       |       |       |  1181 |  1205 |  2461 ||  4847
       Rpst.: Falchion   |       |       |       |   100 |   159 |       |       |       |       ||   259
       Scimitar          |       |       |       |       |   181 |   257 |       |       |       ||   438
       Demon blade       |       |       |       |       |       |       |       |       |   549 ||   549
